[Event "*** SCC Grand Prix: Titled Tuesday Blitz"]
[Site "Chess.com"]
[Date "2020.07.21"]
[Round "10"]
[White "GadimbayliA"]
[Black "LyonBeast"]
[Result "1/2-1/2"]
[WhiteElo "2891"]
[BlackElo "3024"]
[TimeControl "180+1"]
[EndTime "11:55:59 PDT"]
[Termination "Game drawn by repetition"]

1. e4 c6 2. Nf3 d5 3. exd5 cxd5 4.
Ne5 Nf6 5. d4 e6 6. Nd2 Be7 7.
Bd3 Nc6 8. c3 Bd7 9. f4 O-O 10. O-O g6 11. Qf3 Ne8 12. Qg3 Nd6 13. Ndf3 Ne4 14. Bxe4 dxe4 15. Ng5 f5 16. Nxh7 Kxh7 17.
Qxg6+ Kh8 18. Qh6+ Kg8 19. Qg6+ Kh8 20. Qh6+ Kg8 21.
Qg6+ Kh8 1/2-1/2

[Event "*** SCC Grand Prix: Titled Tuesday Blitz"]
[Site "Chess.com"]
[Date "2020.07.21"]
[Round "10"]
[White "Karina_Ivanova"]
[Black "ZverevLev"]
[Result "1-0"]
[WhiteElo "2189"]
[BlackElo "2285"]
[TimeControl "180+1"]
[EndTime "11:56:00 PDT"]
[Termination "Karina_Ivanova won by resignation"]

1. Nf3 b6 2. g3 Bb7 3. Bg2 g5 4. h3 h5 5. g4 hxg4 6. hxg4 Rxh1+ 7. Bxh1 f5 8. Bg2 fxg4 9. Nh4 gxh4 10. Bxb7 Na6 11. e4 h3 12. Qxg4 Nh6 13. Qh5+ Nf7 14. Bxa6 d5 15. Bb5+ 1-0

[Event "*** SCC Grand Prix: Titled Tuesday Blitz"]
[Site "Chess.com"]
[Date "2020.07.21"]
[Round "10"]
[White "DonBroca"]
[Black "Alindsay211"]
[Result "0-1"]
[WhiteElo "2076"]
[BlackElo "2265"]
[TimeControl "180+1"]
[EndTime "11:56:24 PDT"]
[Termination "Alindsay211 won by resignation"]

1. e4 e6 2. d4 d5 3. exd5 exd5 4. Nf3 Nf6 5. c3 Be7 6. Be2 b6 7. O-O O-O 8. Re1 Bb7 9. Nbd2 Re8 10. Nf1 c5 11. Ne3 Nbd7 12. Qc2 Rc8 13. Qb1 Ne4 14. Nd2 Ndf6 15. f3 cxd4 16. cxd4 Nd6 17. b4 Bf8 18. a3 Rxe3 19. Ne4 Nc4 20. Nxf6+ Qxf6 21. Bxe3 Nxe3 22.
Qd3 Nc2 23. Rec1 Nxa1 24. Rxc8 Bxc8 25. Qc3 Qe6 0-1

[Event "*** SCC Grand Prix: Titled Tuesday Blitz"]
[Site "Chess.com"]
[Date "2020.07.21"]
[Round "10"]
[White "Giraffe_Chess"]
[Black "Quiet_Desperation"]
[Result "1-0"]
[WhiteElo "2391"]
[BlackElo "2244"]
[TimeControl "180+1"]
[EndTime "11:56:25 PDT"]
[Termination "Giraffe_Chess won by resignation"]

1. d4 d5 2. c4 c6 3. Nc3 Nf6 4. cxd5 cxd5 5. f3 Nc6 6. e4 dxe4 7. d5 Nb8 8. fxe4 e5 9. Nf3 Bd6 10. Bb5+ Bd7 11. Bxd7+ Nbxd7 12. O-O a6 13. a4 O-O 14. Kh1 Re8 15. Qe1 Nc5 16. Bg5 h6 17. Bh4 g5 18.
Nxg5 hxg5 19. Bxg5 Be7 20. Qh4 Nh7 21. Bxe7 Qxe7 22.
Qf2 Nd3 23. Qg3+ Qg5 24. Qxd3 Nf6 25. Rf5 Qg4 26. Rxf6 1-0

[Event "*** SCC Grand Prix: Titled Tuesday Blitz"]
[Site "Chess.com"]
[Date "2020.07.21"]
[Round "10"]
[White "Sacbutt"]
[Black "MashaFromRussia"]
[Result "0-1"]
[WhiteElo "2249"]
[BlackElo "2382"]
[TimeControl "180+1"]
[EndTime "11:56:34 PDT"]
[Termination "MashaFromRussia won by resignation"]

1. d4 Nf6 2. c4 g6 3. Nc3 Bg7 4. Nf3 O-O 5. Bg5 d6 6. e3 c5 7.
d5 h6 8. Bh4 e6 9. Be2 exd5 10.
cxd5 Na6 11. O-O Nc7 12. a4 a6 13. a5 Rb8 14. Nd2 g5 15. Bg3 Nfxd5 16. Nxd5 Nxd5 17.
Nc4 Be6 18. Bxd6 Rc8 19. Bxf8 Qxf8 20. Rc1 Rd8 21. Qc2 Nb4 22. Qb3 Qe7 23. Rfd1 Bd5 24. Bf3 Bxf3 25. Rxd8+ Qxd8 26. gxf3 Qd5 27. e4 Qe6 28.
Ne3 Qxb3 0-1

[Event "*** SCC Grand Prix: Titled Tuesday Blitz"]
[Site "Chess.com"]
[Date "2020.07.21"]
[Round "10"]
[White "denispopov"]
[Black "pavelalexandru07"]
[Result "1-0"]
[WhiteElo "1834"]
[BlackElo "2109"]
[TimeControl "180+1"]
[EndTime "11:56:48 PDT"]
[Termination "denispopov won by resignation"]

1. e4 c5 2. Nc3 a6 3. d4 cxd4 4.
Qxd4 d6 5. b3 e5 6. Qd2 b5 7. a3 Bb7 8. Bb2 Nf6 9. f3 Nbd7 10.
O-O-O Be7 11. Kb1 O-O 12. g4 Nb6 13. h4 Rc8 14. h5 Nfd7 15. Nh3 Nc5 16. g5 Ne6 17.
Rg1 Nd4 18. Be2 d5 19. g6 fxg6 20. hxg6 h6 21. f4 exf4 22. Qxd4 f3 23. Nxd5 1-0

[Event "*** SCC Grand Prix: Titled Tuesday Blitz"]
[Site "Chess.com"]
[Date "2020.07.21"]
[Round "10"]
[White "deep306"]
[Black "KyrgyzFighter"]
[Result "1/2-1/2"]
[WhiteElo "2591"]
[BlackElo "2356"]
[TimeControl "180+1"]
[EndTime "11:56:51 PDT"]
[Termination "Game drawn by agreement"]

1. d4 f5 2. g3 Nf6 3. Bg2 g6 4.
Nf3 Bg7 5. O-O O-O 6. b3 Ne4 7.
Bb2 d5 8. c4 c6 9. Nbd2 Be6 10.
Ne5 Nd7 11. Ndf3 Qc7 12. Rc1 Rad8 13. Qc2 dxc4 14. bxc4 Nxe5 15. Nxe5 Bxe5 16. dxe5 Rd2 17. Qb3 Rxe2 18. Rc2 Rxc2 19. Qxc2 Nc5 20. f4 Rd8 21. Bc1 Qa5 22. Be3 Na4 23. Rc1 Qb4 1/2-1/2

[Event "*** SCC Grand Prix: Titled Tuesday Blitz"]
[Site "Chess.com"]
[Date "2020.07.21"]
[Round "10"]
[White "maiconramazzotte99"]
[Black "bmt011"]
[Result "1-0"]
[WhiteElo "1783"]
[BlackElo "2105"]
[TimeControl "180+1"]
[EndTime "11:56:54 PDT"]
[Termination "maiconramazzotte99 won by resignation"]

1. e4 e6 2. Nf3 b6 3. Nc3 Bb7 4. d4 Bb4 5. Bd3 c5 6. Be3 d5 7. Bb5+ Bc6 8. Bxc6+ Nxc6 9. dxc5 Bxc5 10. Bxc5 bxc5 11.
exd5 exd5 12. Qxd5 Qxd5 13. Nxd5 O-O-O 14. Rd1 Nd4 15.
Nxd4 Rxd5 16. Nf3 Rxd1+ 17. Kxd1 Nh6 18. Kc1 Ng4 19. Rf1 f6 20. h3 Nh6 21. Rd1 Re8 22.
Re1 Rd8 23. Rd1 Re8 24. c3 Nf5 25. Rd5 Nd6 26. Rxd6 Kb7 27. Rd7+ 1-0

[Event "*** SCC Grand Prix: Titled Tuesday Blitz"]
[Site "Chess.com"]
[Date "2020.07.21"]
[Round "10"]
[White "Pavel_Mir"]
[Black "r31415"]
[Result "1-0"]
[WhiteElo "2359"]
[BlackElo "2429"]
[TimeControl "180+1"]
[EndTime "11:56:56 PDT"]
[Termination "Pavel_Mir won by resignation"]

1. e4 c6 2. d4 d5 3. e5 Bf5 4.
Nf3 e6 5. Be2 Ne7 6. O-O c5 7. c4 dxc4 8. dxc5 Bd3 9. Na3 Nec6 10. Nxc4 Bxe2 11. Qxe2 Bxc5 12. Be3 Be7 13. Rfd1 Qc8 14.
Nd6+ Bxd6 15. Rxd6 O-O 16. Rc1 Rd8 17. b4 Rxd6 18.
exd6 a6 19. a4 b5 20. Ne5 Qb7 21. Qf3 bxa4 22. Nxc6 Nxc6 23. Qxc6 Qxc6 24. Rxc6 Kf8 25. d7 Ke7 26. Rc8 1-0

[Event "*** SCC Grand Prix: Titled Tuesday Blitz"]
[Site "Chess.com"]
[Date "2020.07.21"]
[Round "10"]
[White "SHIVACalypso"]
[Black "PotapovaM"]
[Result "0-1"]
[WhiteElo "2358"]
[BlackElo "2482"]
[TimeControl "180+1"]
[EndTime "11:56:57 PDT"]
[Termination "PotapovaM won by resignation"]

1. Nf3 Nf6 2. c4 e6 3. g3 d5 4. Bg2 dxc4 5. Qa4+ Nbd7 6. Qxc4 a6 7. O-O b5 8. Qc2 Bb7 9. d3 c5 10. a3 Bd6 11. Nbd2 O-O 12. b3 Rc8 13. Bb2 h6 14.
Rac1 Qb6 15. Qb1 Rfd8 16. Qa1 Bf8 17. Ne5 Bxg2 18. Kxg2 Nxe5 19. Bxe5 Nd7 20. Bb2 Nb8 21. Nf3 Nc6 22. Rfd1 Qb7 23. Kg1 f6 24. d4 cxd4 25.
Nxd4 Nxd4 26. Rxd4 Rxc1+ 27. Qxc1 Rxd4 28. Bxd4 Qd5 29. e3 Qxb3 30. Bc5 Bxc5 31. Qxc5 Qd1+ 32. Kg2 Qd5+ 33. Qxd5 exd5 34. Kf3 Kf7 35. Ke2 Ke6 36.
Kd3 a5 37. Kd4 Kd6 38. f3 Kc6 0-1

[Event "*** SCC Grand Prix: Titled Tuesday Blitz"]
[Site "Chess.com"]
[Date "2020.07.21"]
[Round "10"]
[White "Eternauta2400"]
[Black "Agibileg"]
[Result "1-0"]
[WhiteElo "2572"]
[BlackElo "2414"]
[TimeControl "180+1"]
[EndTime "11:57:05 PDT"]
[Termination "Eternauta2400 won by resignation"]

1. c4 Nf6 2. Nc3 g6 3. e4 Bg7 4. d4 O-O 5. Nf3 d6 6. Be2 e5 7. d5 a5 8. Bg5 Na6 9. Nd2 c6 10.
O-O Nc5 11. a3 cxd5 12. cxd5 h6 13. Be3 b6 14. b4 Ncd7 15. Nb5 Qe7 16. Rc1 Ba6 17. Rc6 Rfc8 18. Qc2 Rxc6 19. dxc6 Rc8 20. Rc1 Nb8 21. c7 Nbd7 22. Qc6 Ne8 23. Bxb6 axb4 24.
axb4 d5 25. Na7 Qxb4 26. Bxa6 Nxb6 27. Nxc8 Nxc8 28. Bxc8 Qxd2 29. Qxe8+ Kh7 30. Qc6 Qxc1+ 31. Qxc1 1-0

[Event "*** SCC Grand Prix: Titled Tuesday Blitz"]
[Site "Chess.com"]
[Date "2020.07.21"]
[Round "10"]
[White "PauloCesarCosta_sad"]
[Black "reutik"]
[Result "1-0"]
[WhiteElo "2221"]
[BlackElo "2301"]
[TimeControl "180+1"]
[EndTime "11:57:08 PDT"]
[Termination "PauloCesarCosta_sad won by resignation"]

1. Nf3 d5 2. d4 c6 3. c4 dxc4 4. e3 Be6 5. Nbd2 b5 6. a4 Qa5 7. Be2 Nf6 8. O-O h6 9. Ne5 Nfd7 10. Ndf3 g5 11. Nxc6 Nxc6 12. d5 Nb6 13. dxe6 fxe6 14. Nd4 1-0

[Event "*** SCC Grand Prix: Titled Tuesday Blitz"]
[Site "Chess.com"]
[Date "2020.07.21"]
[Round "10"]
[White "BogdanDeac"]
[Black "bgfbfbgfbgfgf"]
[Result "0-1"]
[WhiteElo "2778"]
[BlackElo "2651"]
[TimeControl "180+1"]
[EndTime "11:57:10 PDT"]
[Termination "bgfbfbgfbgfgf won by resignation"]

1. Nf3 Nf6 2. c4 c5 3. Nc3 Nc6 4. e3 g6 5. d4 cxd4 6. exd4 d5 7.
cxd5 Nxd5 8. Qb3 Nxc3 9. Bc4 e6 10. bxc3 b6 11. d5 Na5 12. Bb5+ Bd7 13. Qa4 Bxb5 14. Qxb5+ Qd7 15. Qxd7+ Kxd7 16. Ne5+ Ke8 17. dxe6 fxe6 18. Bf4 Bg7 19. O-O Rf8 20. Bg3 Rc8 21. Rac1 Nc4 22. Rfe1 Bxe5 23. Bxe5 Nxe5 24. Rxe5 Kf7 25. c4 Rfd8 26. Kf1 Rd4 27. c5 Rd5 28. Rxd5 exd5 29. c6 Ke6 30. Rc3 Kd6 31. Ra3 Rc7 32. Ke2 Kxc6 33. Kd3 Kd6 34. f4 a5 35. Rb3 Rc6 36.
Rb5 Rc4 37. g3 Kc6 0-1

[Event "*** SCC Grand Prix: Titled Tuesday Blitz"]
[Site "Chess.com"]
[Date "2020.07.21"]
[Round "10"]
[White "giantslayer83"]
[Black "Bigfish1995"]
[Result "0-1"]
[WhiteElo "2747"]
[BlackElo "3006"]
[TimeControl "180+1"]
[EndTime "11:57:11 PDT"]
[Termination "Bigfish1995 won by resignation"]

1. d4 Nf6 2. c4 e6 3. Nf3 b6 4. a3 Bb7 5. Nc3 Ne4 6. Nxe4 Bxe4 7. Nd2 Bb7 8. e4 g6 9. Bd3 Bg7 10. Nf3 O-O 11. O-O d6 12. Qc2 a5 13. Bg5 Qd7 14.
b3 Nc6 15. Be3 f5 16. d5 Bxa1 17. dxc6 Qxc6 18. exf5 Bg7 19. b4 axb4 20. axb4 exf5 21. b5 Qd7 22. Ng5 f4 23. Bxg6 hxg6 24. Qxg6 Qf5 0-1

[Event "*** SCC Grand Prix: Titled Tuesday Blitz"]
[Site "Chess.com"]
[Date "2020.07.21"]
[Round "10"]
[White "ManuDavid2910"]
[Black "AldokhinIvan"]
[Result "0-1"]
[WhiteElo "2681"]
[BlackElo "2586"]
[TimeControl "180+1"]
[EndTime "11:57:11 PDT"]
[Termination "AldokhinIvan won by resignation"]

1. e4 c5 2. Nf3 e6 3. Nc3 Nc6 4. Bb5 Nd4 5. O-O a6 6. Bd3 Qc7 7. Nxd4 cxd4 8. Ne2 Bc5 9. c3 dxc3 10. dxc3 Ne7 11.
Bf4 e5 12. Bg3 O-O 13. Kh1 d6 14. f4 Bg4 15. Qd2 Rad8 16. Bc2 d5 17. fxe5 dxe4 18. Nd4 Bxd4 19. cxd4 Nf5 20. Bf2 e3 21. Bxe3 Nxe3 22. Qxe3 Qxc2 23. Qe4 Qxe4 0-1

[Event "*** SCC Grand Prix: Titled Tuesday Blitz"]
[Site "Chess.com"]
[Date "2020.07.21"]
[Round "10"]
[White "Danfii"]
[Black "pastouche06"]
[Result "1-0"]
[WhiteElo "2382"]
[BlackElo "2513"]
[TimeControl "180+1"]
[EndTime "11:57:11 PDT"]
[Termination "Danfii won by resignation"]

1. e4 c6 2. d4 d5 3. e5 Bf5 4. Nf3 e6 5. Be2 Ne7 6. O-O Ng6 7. Nbd2 Nf4 8. Nb3 Nxe2+ 9. Qxe2 Be7 10. Bd2 Bxc2 11.
Ba5 b6 12. Qxc2 bxa5 13. a3 Qb6 14. Qc3 a4 15. Nc5 Bxc5 16. dxc5 Qa6 17. Nd4 Nd7 18. f3 O-O 19. f4 Rab8 20. Rae1 Rfc8 21. f5 exf5 22. Nxf5 Re8 23. Qg3 g6 24. Nh6+ Kg7 25.
Rxf7+ 1-0

[Event "*** SCC Grand Prix: Titled Tuesday Blitz"]
[Site "Chess.com"]
[Date "2020.07.21"]
[Round "10"]
[White "PowerThinking2650"]
[Black "Ze-Pequeno"]
[Result "1-0"]
[WhiteElo "2352"]
[BlackElo "2234"]
[TimeControl "180+1"]
[EndTime "11:57:13 PDT"]
[Termination "PowerThinking2650 won by resignation"]

1. e4 e5 2. Nf3 Nc6 3. Nc3 Nf6 4. d4 exd4 5. Nxd4 Nxe4 6. Nxe4 Qe7 7. f3 d5 8. Nxc6 bxc6 9. Bd3 dxe4 10. fxe4 Qh4+ 11.
g3 Qh3 12. Qf3 Bc5 13. Be3 Bg4 14. Qf2 Bxe3 15. Qxe3 Qg2 16. Rg1 Qxh2 17. Qc5 Rd8 18. Qxc6+ Bd7 19. Qc5 Bg4 1-0

[Event "*** SCC Grand Prix: Titled Tuesday Blitz"]
[Site "Chess.com"]
[Date "2020.07.21"]
[Round "10"]
[White "Sjakkerntobi"]
[Black "DenLaz"]
[Result "0-1"]
[WhiteElo "2416"]
[BlackElo "2690"]
[TimeControl "180+1"]
[EndTime "11:57:15 PDT"]
[Termination "DenLaz won by resignation"]

1. e4 e5 2. Nf3 Nc6 3. Bb5 a6 4. Ba4 d6 5. c3 Bd7 6. O-O g6 7. d4 Bg7 8. h3 Nge7 9. Re1 O-O 10. Be3 h6 11. Nbd2 Kh7 12. Nf1 f5 13. exf5 gxf5 14. Bc2 e4 15. N3h2 d5 16. f3 Ng6 17. fxe4 fxe4 18. c4 Qh4 19. cxd5 Nb4 20. Bb1 Nxd5 21. Qe2 Bb5 22. Qc2 Bd3 23. Qd2 Nxe3 24. Nxe3 Bxd4 25. Bxd3 exd3 26. Nf3 Rxf3 27. gxf3 Nf4 28. Rac1 Rg8+ 29. Kh1 Qxh3+ 30. Qh2 Qxf3+ 31. Ng2 Rxg2 0-1

[Event "*** SCC Grand Prix: Titled Tuesday Blitz"]
[Site "Chess.com"]
[Date "2020.07.21"]
[Round "10"]
[White "arminmusovic"]
[Black "Batsai"]
[Result "1-0"]
[WhiteElo "2518"]
[BlackElo "2360"]
[TimeControl "180+1"]
[EndTime "11:57:28 PDT"]
[Termination "arminmusovic won by resignation"]

1. a3 Nf6 2. Nc3 d5 3. d3 c5 4. Bg5 Nc6 5. e4 dxe4 6. dxe4 Qxd1+ 7. Rxd1 a6 8. Bxf6 exf6 9. Nd5 Rb8 10. Nc7+ Ke7 11. Nd5+ Ke8 12. Nc7+ Ke7 13. Nf3 g6 14. Bc4 Bg7 15. Nd5+ Ke8 16. Nb6 Be6 17. Bxe6 fxe6 18. Nd7 Rd8 19. Nxc5 Rxd1+ 20. Kxd1 Ke7 21. c3 b5 22.
Nxa6 Rd8+ 23. Kc2 Bh6 24. Rd1 Ra8 25. Nc5 Ra7 26. Nb3 g5 27. Nfd4 Nxd4+ 28. Rxd4 Rb7 29. Rb4 g4 30. a4 Bf4 31. g3 Bd6 32. Rxb5 Rxb5 33.
axb5 Bc7 34. c4 f5 35. Kd3 f4 36. c5 f3 37. b6 Be5 38. Nd4 Kd7 39. b4 h5 40. c6+ Kc8 41. Nc2 h4 42. Ne3 h3 43.
Nxg4 Bd6 44. Kc4 Kb8 45. e5 Bf8 46. Nf6 Kc8 47. b7+ Kd8 48. b8=Q+ Ke7 49. Qd6+ 1-0

[Event "*** SCC Grand Prix: Titled Tuesday Blitz"]
[Site "Chess.com"]
[Date "2020.07.21"]
[Round "10"]
[White "cukin84"]
[Black "Chuchofrio1"]
[Result "0-1"]
[WhiteElo "2162"]
[BlackElo "2274"]
[TimeControl "180+1"]
[EndTime "11:57:31 PDT"]
[Termination "Chuchofrio1 won by checkmate"]

1. e4 c5 2. Nc3 Nc6 3. Bb5 Nd4 4. Bc4 e6 5. Nf3 g6 6. Nxd4 cxd4 7. Nb5 Bg7 8. Nd6+ Ke7 9. Nxc8+ Rxc8 10. d3 Nf6 11. e5 Nd5 12. Bxd5 exd5 13. Bg5+ f6 14. exf6+ Bxf6 15. Bxf6+ Kxf6 16. Qf3+ Kg7 17. O-O Qg5 18. Rae1 Rxc2 19. h4 Qxh4 20. Qxd5 Rf8 21. Re4 Qf6 22.
f3 Rxb2 23. Rfe1 Rf7 24. Re8 Qh4 25. R8e4 Qf2+ 26. Kh2 Qxg2# 0-1

[Event "*** SCC Grand Prix: Titled Tuesday Blitz"]
[Site "Chess.com"]
[Date "2020.07.21"]
[Round "10"]
[White "Susal_De_Silva"]
[Black "ehrenfeld"]
[Result "0-1"]
[WhiteElo "2335"]
[BlackElo "2520"]
[TimeControl "180+1"]
[EndTime "11:57:32 PDT"]
[Termination "ehrenfeld won by resignation"]

1. e4 e5 2. Nf3 Nc6 3. Bc4 Nf6 4. d3 h6 5. O-O d6 6. c3 g5 7. d4 g4 8. dxe5 gxf3 9. exf6 Ne5 10. Bb3 Qxf6 11.
g3 Rg8 12. Nd2 h5 13. Nc4 h4 14. Ne3 c6 15. Bd2 Be6 16. c4 O-O-O 17. Bc3 Bh6 18. Re1 hxg3 19. hxg3 Bf4 20. Bxe5 Bxe5 21. Nf1 Rh8 22.
Re3 Bg4 23. Nh2 Rxh2 24. Kxh2 Rh8+ 25. Kg1 Qh6 0-1

[Event "*** SCC Grand Prix: Titled Tuesday Blitz"]
[Site "Chess.com"]
[Date "2020.07.21"]
[Round "10"]
[White "MIJUAREZ"]
[Black "HElissalt"]
[Result "1-0"]
[WhiteElo "2395"]
[BlackElo "2272"]
[TimeControl "180+1"]
[EndTime "11:57:32 PDT"]
[Termination "MIJUAREZ won by resignation"]

1. e4 d6 2. d4 Nf6 3. Nc3 e5 4. Nf3 Nbd7 5. Bc4 Be7 6. O-O O-O 7. a4 c6 8. a5 Rb8 9. h3 b5 10. axb6 axb6 11. d5 b5 12. dxc6 bxc4 13. cxd7 Bxd7 14. Qe2 Qc7 15. Bg5 Be6 16. Rfb1 Rb4 17. Bxf6 Bxf6 18. Nd5 Bxd5 19. exd5 Rfb8 20. c3 R4b5 21. Nd2 Rxd5 22. Nxc4 Rdb5 23. b4 d5 24. Na3 R5b7 25. Rc1 Ra8 26.
Nc2 Qxc3 27. Rxa8+ 1-0

[Event "*** SCC Grand Prix: Titled Tuesday Blitz"]
[Site "Chess.com"]
[Date "2020.07.21"]
[Round "10"]
[White "Andrei_Belozerov"]
[Black "Iljushin_Alexey"]
[Result "0-1"]
[WhiteElo "2562"]
[BlackElo "2699"]
[TimeControl "180+1"]
[EndTime "11:57:38 PDT"]
[Termination "Iljushin_Alexey won by resignation"]

1. e4 c6 2. d4 d5 3. Nd2 dxe4 4.
Nxe4 Nf6 5. Nxf6+ gxf6 6. Nf3 h5 7. Be2 h4 8. O-O Bf5 9. Bd3 Bxd3 10. Qxd3 h3 11.
g3 e6 12. Re1 Be7 13. c4 Nd7 14. Bf4 Qa5 15. Rad1 Rd8 16. a3 Kf8 17. b4 Qb6 18. d5 cxd5 19. cxd5 e5 20. d6 Qxd6 21.
Qxd6 Bxd6 22. Rxd6 exf4 23. Red1 Ke7 24. R6d5 Ne5 25.
Nxe5 fxe5 26. Rxe5+ Kf6 27. Red5 Rxd5 28. Rxd5 Rc8 29.
Kf1 fxg3 30. fxg3 Rc2 31. Rd7 Rxh2 32. Rxb7 Rh1+ 33. Kf2 Ra1 34. Rxa7 h2 0-1

[Event "*** SCC Grand Prix: Titled Tuesday Blitz"]
[Site "Chess.com"]
[Date "2020.07.21"]
[Round "10"]
[White "bratkoo"]
[Black "doons21"]
[Result "0-1"]
[WhiteElo "2472"]
[BlackElo "2627"]
[TimeControl "180+1"]
[EndTime "11:57:41 PDT"]
[Termination "doons21 won by resignation"]

1. e4 c5 2. Nf3 d6 3. d4 cxd4 4. Nxd4 Nf6 5. Nc3 a6 6. Be3 e5 7. Nb3 Be6 8. f3 Be7 9. Nd5 Nxd5 10. exd5 Bf5 11. Qd2 Nd7 12. a4 Rc8 13. c4 h6 14. a5 Bg5 15. Rc1 Bxe3 16. Qxe3 Nc5 17. Nd2 Qxa5 18. Kf2 O-O 19. g4 Bh7 20. h4 Qb4 21. b3 f5 22. g5 f4 23. Qc3 Qxc3 24.
Rxc3 hxg5 25. hxg5 a5 26. Be2 Bf5 27. Rh4 Kf7 28.
Rc1 Rh8 29. Rxh8 Rxh8 30. Ra1 b6 31. Kg2 Kg6 32. b4 axb4 33. Ra7 b3 34. Nxb3 Nxb3 35. Rd7 Bxd7 36. Bd3+ Kxg5 37. Bf5 Bxf5 38. c5 0-1

[Event "*** SCC Grand Prix: Titled Tuesday Blitz"]
[Site "Chess.com"]
[Date "2020.07.21"]
[Round "10"]
[White "ftorodent"]
[Black "nrvisakh"]
[Result "1-0"]
[WhiteElo "2659"]
[BlackElo "2811"]
[TimeControl "180+1"]
[EndTime "11:57:43 PDT"]
[Termination "ftorodent won by resignation"]

1. d4 Nf6 2. c4 g6 3. Nc3 d5 4. Nf3 Bg7 5. cxd5 Nxd5 6. Bg5 Nxc3 7. bxc3 O-O 8. e3 c5 9. Be2 h6 10. Bh4 b6 11. Ne5 Bb7 12. Bf3 Qc7 13. O-O Bxe5 14.
dxe5 Bxf3 15. Qxf3 Nc6 16. e6 fxe6 17. Qe4 Kh7 18.
Qxe6 Qc8 19. Qe4 Rd8 20. f4 Rf8 21. Rad1 Rf7 22. Rd5 e5 23. Rd6 Na5 24. Qxg6+ 1-0

[Event "*** SCC Grand Prix: Titled Tuesday Blitz"]
[Site "Chess.com"]
[Date "2020.07.21"]
[Round "10"]
[White "Panterov"]
[Black "Gulkov_Igor"]
[Result "1/2-1/2"]
[WhiteElo "2193"]
[BlackElo "2376"]
[TimeControl "180+1"]
[EndTime "11:57:49 PDT"]
[Termination "Game drawn by agreement"]

1. e4 c5 2. b3 Nc6 3. Bb2 a6 4. g3 e6 5. Bg2 Nf6 6. Ne2 d6 7. O-O Be7 8. f4 O-O 9. c4 Ne8 10. f5 Bf6 11. Bxf6 Nxf6 12. Nbc3 e5 13. Nd5 Nxd5 14.
cxd5 Nd4 15. d3 Nxe2+ 16. Qxe2 f6 17. Rfc1 Bd7 18. Bf1 a5 19. a4 b5 20. Rcb1 Qb6 21.
Qf2 Rfb8 22. axb5 Bxb5 23. Ra3 Bd7 24. Rba1 Qd8 25. Qd2 Rb4 26. Be2 Qb6 27. Kg2 Kf7 28. Bd1 Ke7 29. Qa2 Rb5 30. Qe2 Be8 31. Qg4 Kf8 32.
h4 Rb4 33. Qe2 Rd4 34. Bc2 Bb5 35. Qd2 Rb4 36. Qc3 1/2-1/2

[Event "*** SCC Grand Prix: Titled Tuesday Blitz"]
[Site "Chess.com"]
[Date "2020.07.21"]
[Round "10"]
[White "Mikhail_Golubev"]
[Black "LisikValera"]
[Result "0-1"]
[WhiteElo "2587"]
[BlackElo "2477"]
[TimeControl "180+1"]
[EndTime "11:57:54 PDT"]
[Termination "LisikValera won by checkmate"]

1. e4 e6 2. d4 d5 3. Nc3 Bb4 4. e5 Ne7 5. a3 Bxc3+ 6. bxc3 c5 7. a4 b6 8. Bb5+ Bd7 9. Bd3 O-O 10. Nf3 Nbc6 11. Bxh7+ Kxh7 12. Ng5+ Kg6 13. Qg4 f5 14. Qg3 f4 15. Qg4 Qc8 16. Ne4+ Kh7 17. Qh5+ Kg8 18. Ng5 Rf5 19. g4 Rxg5 20. Qxg5 cxd4 21. Bxf4 dxc3 22.
Rd1 Qa6 23. h4 Qc4 24. f3 Rf8 25. Be3 Rxf3 26. h5 Qe4 27. Ke2 d4 28. Rd3 Rxe3+ 29. Rxe3 dxe3 30. h6 Nd4+ 31. Ke1 Qxh1# 0-1

[Event "*** SCC Grand Prix: Titled Tuesday Blitz"]
[Site "Chess.com"]
[Date "2020.07.21"]
[Round "10"]
[White "crescentmoon2411"]
[Black "Paladin61"]
[Result "1-0"]
[WhiteElo "2810"]
[BlackElo "2640"]
[TimeControl "180+1"]
[EndTime "11:57:56 PDT"]
[Termination "crescentmoon2411 won by resignation"]

1. d4 Nf6 2. Nf3 g6 3. Bf4 Bg7 4. e3 O-O 5. h3 c5 6. c3 d6 7.
dxc5 dxc5 8. Qxd8 Rxd8 9. Na3 Nc6 10. Be2 b6 11. O-O Bb7 12. Rfd1 Rxd1+ 13. Rxd1 Rd8 14. Rxd8+ Nxd8 15. Nb5 Nc6 16. Ne5 Nxe5 17. Bxe5 a6 18. Nc7 b5 19. Bxf6 Bxf6 20. Bf3 Bc8 21. Nd5 Kf8 22. Nb6 Be6 23. Bd5 Bxd5 24. Nxd5 Be5 25. f4 Bb8 26. Kf2 e6 27. Nf6 h5 28. Nd7+ Ke7 29. Nxb8 1-0

[Event "*** SCC Grand Prix: Titled Tuesday Blitz"]
[Site "Chess.com"]
[Date "2020.07.21"]
[Round "10"]
[White "RobertoJBM"]
[Black "rasmussvane"]
[Result "0-1"]
[WhiteElo "2651"]
[BlackElo "2874"]
[TimeControl "180+1"]
[EndTime "11:57:59 PDT"]
[Termination "rasmussvane won by resignation"]

1. d4 d5 2. c4 e6 3. Nc3 a6 4. cxd5 exd5 5. Bf4 Nf6 6. e3 Bd6 7. Bxd6 Qxd6 8. Qc2 O-O 9. Bd3 Re8 10. Nge2 b6 11. O-O c5 12. Rfd1 c4 13. Bf5 Nc6 14. Bxc8 Raxc8 15. Qd2 b5 16. Ng3 h5 17. Qe2 g6 18. Qf3 Kg7 19. Nce2 h4 20. Nf1 b4 21.
Rac1 a5 22. Nf4 a4 23. g3 Rh8 24. Ng2 hxg3 25. Nxg3 Rce8 26. h4 Ne4 27. Nxe4 Rxe4 28. Kf1 Ne7 29. b3 c3 30. Ke2 Nf5 31. Rd3 Qa6 0-1

[Event "*** SCC Grand Prix: Titled Tuesday Blitz"]
[Site "Chess.com"]
[Date "2020.07.21"]
[Round "10"]
[White "FMJoseHerrera"]
[Black "petincash"]
[Result "1-0"]
[WhiteElo "2488"]
[BlackElo "2349"]
[TimeControl "180+1"]
[EndTime "11:58:02 PDT"]
[Termination "FMJoseHerrera won on time"]

1. Nf3 c5 2. g3 Nc6 3. Bg2 d5 4. c4 d4 5. O-O g6 6. e3 Bg7 7. exd4 cxd4 8. d3 e6 9. Bg5 f6 10. Bf4 e5 11. Bd2 Nh6 12. b4 O-O 13. b5 Ne7 14. a4 Nf7 15. a5 a6 16. Bb4 axb5 17. cxb5 Nd5 18. Bxf8 Bxf8 19. Nfd2 Be6 20. Nc4 Bb4 21. Qb3 Qe7 22. a6 bxa6 23. bxa6 Ra7 24. Nbd2 Nc3 25. Ne4 Nxe4 26. Bxe4 f5 27. Bg2 e4 28.
Rfb1 Bc3 29. Qb8+ Kg7 30. Rb7 Rxb7 31. Qxb7 1-0

[Event "*** SCC Grand Prix: Titled Tuesday Blitz"]
[Site "Chess.com"]
[Date "2020.07.21"]
[Round "10"]
[White "alfiefischer77"]
[Black "AungTZ"]
[Result "1-0"]
[WhiteElo "2203"]
[BlackElo "2036"]
[TimeControl "180+1"]
[EndTime "11:58:03 PDT"]
[Termination "alfiefischer77 won by resignation"]

1. e4 c5 2. Nf3 Nc6 3. d4 cxd4 4. Nxd4 Nf6 5. Nc3 d6 6. Bg5 e6 7. f3 Be7 8. Qd2 h6 9. Be3 a6 10. O-O-O Qc7 11. Kb1 Bd7 12. Nxc6 Bxc6 13. Bc4 O-O 14. Bb3 b5 15. g4 Nh7 16. h4 Bd7 17. g5 h5 18. g6 fxg6 19. Rhg1 Rf6 20. Bd4 Rf7 21. Rxg6 Nf8 22. Rg2 Kh8 23. Rdg1 Bf6 24. Bxf6 1-0